Map: [ESL] Tropical Sacrifice

Players

Scarlett

  • Race: Zerg Zerg
  • Spawn Location: 7:00

NightMare - Winner!

  • Race: Protoss Protoss
  • Spawn Location: 1:00

Event: DreamHack SC2 Masters 2022 Atlanta (Offline)

VOD

Have the link to the VOD?

Description

Time

  • Played on: Nov. 19, 2022, 11:38 a.m.
  • Length: 9:45

All games in this series

Show
View Real Time Build Order
Export as new Build Order

Scarlett Zerg 

Build Orders: Hatch First 

Get SALT Encoding   

  12  0:00  Drone  
  13  0:12  Overlord  
  13  0:17  Drone  
  14  0:30  Drone x2  
  16  0:48  Hatchery  
  15  0:51  Drone  
  15  0:55  Drone  
  17  0:59  Drone  
  18  1:09  Extractor  
  17  1:14  Spawning Pool  
  17  1:17  Drone  
  17  1:21  Drone  
  18  1:28  Drone  
  19  1:38  Drone  
  20  1:49  Drone  
  21  2:00  Overlord  
  21  2:01  Queen x2  
  21  2:02  Zergling x2  
  26  2:11  Drone  
  26  2:12  Metabolic Boost  
  27  2:18  Drone  
  28  2:24  Drone  
  28  2:25  Drone  
  30  2:34  Zergling x2  
  30  2:35  Drone  
  32  2:41  Hatchery  
  31  2:47  Queen  
  33  2:52  Overlord  
  33  2:56  Drone x2  
  35  2:59  Drone  
  36  3:13  Queen  
  36  3:14  Drone x2  
  36  3:16  Drone, Overlord  
  41  3:20  Drone x2  
  41  3:21  Drone  
  44  3:30  Overlord  
  44  3:34  Queen  
  44  3:38  Drone  
  44  3:40  Drone  
  48  3:42  Drone  
  48  3:44  Drone x3  
  52  3:49  Drone  
  52  3:50  Roach Warren  
  52  3:53  Drone  
  53  3:57  Drone x3  
  53  3:58  Zergling x2  
  53  3:59  Extractor  
  53  4:02  Zergling x2  
  57  4:08  Zergling x2  
  57  4:09  Zergling x2  
  59  4:11  Spore Crawler  
  59  4:12  Spore Crawler  
  59  4:14  Overlord x2  
  56  4:20  Zergling x6  
  56  4:23  Zergling x2, Overlord  
  60  4:32  Roach x3  
  60  4:35  Roach x2  
  70  4:39  Zergling x6  
  70  4:41  Zergling x2  
  72  4:47  Zergling x8  
  76  4:58  Zergling x10  
  75  5:04  Zergling x4  
  76  5:11  Overlord  
  73  5:14  Zergling x2  
  69  5:28  Drone  
  64  5:38  Drone  
  64  5:40  Drone  
  65  5:46  Drone x2  
  67  5:52  Roach x2  
  67  5:55  Roach  
  73  5:58  Roach, Ravager  
  71  6:04  Roach  
  71  6:05  Roach x2  
  72  6:20  Drone x7  
  72  6:22  Extractor  
  78  6:26  Drone x3  
  78  6:32  Lair  
  81  6:33  Baneling Nest  
  81  6:37  Drone x3  
  83  6:43  Drone x2  
  83  6:45  Drone x3  
  88  6:48  Extractor  
  87  6:57  Drone, Overlord x2  
  88  7:01  Drone x3  
  88  7:03  Roach x2  
  88  7:05  Evolution Chamber  
  88  7:08  Overlord  
  94  7:13  Zergling x6  
  96  7:18  Zergling x2, Ravager x5  
  96  7:19  Zergling x4  
  96  7:21  Zergling x2  
  105  7:23  Baneling  
  105  7:24  Zergling x6  
  105  7:27  Zergling x2  
  105  7:28  Ravager  
  110  7:34  Baneling, Ravager  
  110  7:35  Zergling x2  
  109  7:43  Zergling x12  
  113  7:48  Baneling x2  
  113  7:49  Baneling x4, Hatchery  
  112  7:54  Baneling x3  
  112  7:55  Zergling x6  
  115  8:07  Zergling x6  
  115  8:11  Zergling x6  
  106  8:19  Zergling x4  
  98  8:21  Baneling x4  
  98  8:25  Glial Reconstitution  
  97  8:28  Baneling x6  
  96  8:35  Baneling x3  
  96  8:38  Zergling x10  
  95  8:45  Zergling x8  
  81  8:51  Roach  
  81  8:54  Baneling  
  75  9:03  Zergling x6  
  75  9:06  Baneling x4  
  76  9:10  Zergling x2  
  76  9:11  Zergling x4  
  76  9:15  Zergling x4  
  81  9:24  Baneling x3  
  81  9:27  Zergling x4  
  81  9:28  Baneling, Hatchery  
  82  9:31  Baneling x2  
Show
View Real Time Build Order
Export as new Build Order

NightMare Protoss - Winner!

Build Orders: 1 Gate Expand, Mass Adepts 

Get SALT Encoding   

  12  0:00  Probe  
  13  0:12  Probe  
  14  0:18  Pylon  
  14  0:24  Probe  
  15  0:36  Probe (Chrono Boost)  
  15  0:42  Gateway  
  16  0:46  Probe (Chrono Boost)  
  17  0:50  Assimilator  
  17  0:51  Probe (Chrono Boost)  
  18  1:03  Probe  
  19  1:15  Probe  
  20  1:26  Nexus  
  20  1:36  Cybernetics Core  
  20  1:38  Probe  
  21  1:44  Assimilator  
  21  1:50  Probe  
  22  1:55  Pylon  
  22  2:03  Probe  
  23  2:10  Adept (Chrono Boost)  
  23  2:12  Warp Gate  
  23  2:15  Probe  
  26  2:24  Twilight Council  
  26  2:27  Probe  
  27  2:30  Stalker (Chrono Boost)  
  29  2:39  Probe  
  29  2:40  Probe  
  32  2:51  Probe  
  32  2:52  Probe  
  32  2:55  Robotics Facility  
  33  3:01  Resonating Glaives (Chrono Boost)  
  33  3:03  Probe  
  33  3:04  Probe  
  35  3:13  Gateway  
  37  3:23  Gateway  
  37  3:26  Gateway  
  35  3:28  Adept  
  35  3:32  Probe  
  39  3:38  Warp Prism (Chrono Boost)  
  39  3:45  Pylon  
  39  3:48  Probe  
  41  3:49  Probe  
  42  3:58  Pylon  
  42  4:07  Observer  
  42  4:08  Adept x2  
  47  4:11  Probe x2  
  49  4:23  Probe x2  
  51  4:27  Pylon  
  51  4:28  Adept x2  
  51  4:29  Adept x2  
  59  4:35  Probe x2  
  61  4:51  Adept x4  
  67  5:01  Nexus  
  67  5:02  Pylon  
  64  5:16  Adept x4  
  64  5:18  Probe x2  
  68  5:24  Immortal (Chrono Boost)  
  68  5:31  Probe x2  
  70  5:42  Assimilator  
  70  5:44  Adept x3  
  70  5:45  Adept  
  70  5:49  Pylon  
  78  5:56  Pylon  
  72  6:10  Adept x4  
  68  6:15  Immortal (Chrono Boost)  
  72  6:21  Gateway  
  74  6:25  Probe x3  
  74  6:29  Gateway  
  75  6:37  Probe x2  
  77  6:43  Adept x4  
  77  6:46  Assimilator  
  85  6:55  Probe x2  
  85  6:56  Probe  
  88  7:04  Adept x4  
  88  7:06  Pylon  
  96  7:15  Pylon  
  96  7:16  Probe x3  
  99  7:26  Adept x5  
  99  7:27  Adept  
  111  7:37  Pylon  
  109  7:47  Probe x2  
  109  7:48  Robotics Bay, Probe  
  109  7:49  Adept x2  
  112  7:53  Adept x4  
  112  7:54  Adept  
  112  7:57  Adept  
  124  7:59  Probe x2  
  124  8:00  Probe  
  124  8:04  Shield Battery  
  127  8:11  Probe x2  
  127  8:12  Probe  
  118  8:14  Adept x2  
  118  8:16  Adept x3  
  112  8:23  Probe x2  
  112  8:24  Probe, Pylon  
  111  8:30  Assimilator x2  
  107  8:44  Disruptor (Chrono Boost)  
  107  8:46  Stalker x6  
  108  9:07  Disruptor (Chrono Boost)  
  94  9:11  Stalker x3  
  103  9:21  Stalker x3  
  109  9:32  Nexus  
  109  9:33  Pylon  
  109  9:37  Zealot x3  
  115  9:44  Pylon  
Tags
 
Add a new tag
Caveats
  • Supply blocks, unpowered buildings, or Contaminate may cause inaccurate times.
  • Supply counts are checked every 10 seconds.